 Dungeon Crawl Stone Soup version 0.23-a0-644-gb60d84b635 (webtiles) character file.

2375 Adamkad1 the Fighter (level 9, -7/96 (98) HPs)
             Began as an Ogre Berserker on Jan 1, 2019.
             Was a Priest of Trog.
             Mangled by a hornet (10 damage)
             ... on level 7 of the Dungeon.
             The game lasted 00:13:22 (7524 turns).

Adamkad1 the Fighter (Ogre Berserker)               Turns: 7524, Time: 00:13:23

HP:   -7/96 (98)    AC:  4    Str: 26    XL:     9   Next: 45%
MP:   11/11         EV: 12    Int:  8    God:    Trog [***...]
Gold: 280           SH:  0    Dex:  8    Spells: 8/8 levels left

rFire    . . .     SeeInvis .   F - +0 giant spiked club
rCold    . . .     Gourm    .   (shield currently unavailable)
rNeg     . . .     Faith    .   b - +0 animal skin
rPois    .         Spirit   .   (helmet restricted)
rElec    .         Reflect  .   C - +0 cloak {MR+}
rCorr    .         Harm     .   (gloves unavailable)
MR       +....                  (boots unavailable)
Stlth    +.........             (no amulet)
HPRegen  0.26/turn              (no ring)
MPRegen  0.12/turn              (no ring)

@: lethally poisoned (-7 -> -19), berserk cooldown, slowed, very slow
A: large, unfitting armour, tough skin 1
a: Berserk, Trog's Hand, Renounce Religion


You were on level 7 of the Dungeon.
You worshipped Trog.
Trog was most pleased with you.
You were near starving.

You visited 1 branch of the dungeon, and saw 7 of its levels.

You collected 280 gold pieces.

Inventory:

Hand Weapons
 a - a +0 mace
 o - a +0 whip of venom
 B - a +0 giant club
 F - a +0 giant spiked club (weapon)
Missiles
 f - 2 tomahawks
 i - 225 stones (quivered)
Armour
 b - a +0 animal skin (worn)
 C - a +0 cloak of magic resistance (worn)
Jewellery
 e - an uncursed ring of resist corrosion {unknown}
 y - a +6 ring of strength {unknown}
 E - an uncursed ring of protection from cold {unknown}
Wands
 l - a wand of digging (6)
 p - a wand of polymorph (10)
 q - a wand of random effects (47)
Scrolls
 d - 4 scrolls of remove curse {unknown}
 g - 3 scrolls of teleportation {unknown}
 h - 8 scrolls of identify {unknown}
 m - a scroll of noise {unknown}
 n - 2 scrolls of blinking {unknown}
 r - a scroll of enchant weapon {unknown}
 v - 3 scrolls of fear {unknown}
 w - a scroll of fog {unknown}
 A - a scroll of random uselessness {unknown}
Potions
 j - 3 potions of flight {unknown}
 k - 2 potions of curing {unknown}
 s - a potion of brilliance {unknown}
 t - a potion of heal wounds {unknown}
 u - a potion of cancellation {unknown}
 x - a potion of magic {unknown}
 z - a potion of might {unknown}
 D - 2 potions of agility {unknown}
Comestibles
 c - 8 rations


   Skills:
 * Level 9.1 Fighting
 * Level 6.4 Maces & Flails
 + Level 4.0 Throwing
 * Level 6.3 Dodging
 + Level 3.0 Evocations


You had 8 spell levels left.
You didn't know any spells.
Your spell library was empty.

Dungeon Overview and Level Annotations

Branches:
Dungeon (7/15)             Temple (0/1) D:5

Altars:
Dithmenos
Gozag
Hepliaklqana
Kikubaaqudgha
Okawaru
The Shining One

Annotations:
D:6 1 runed door


Innate Abilities, Weirdness & Mutations

You are too large for most types of armour.
You have tough skin. (AC +1)


Message History

The hornet is almost dead.
You feel sick. The hornet stings you!
* * * LOW HITPOINT WARNING * * *
You are more poisoned.
You feel as though you will be slow longer.
The kobold hits you.
* * * LOW HITPOINT WARNING * * *
The hornet stings you!
* * * LOW HITPOINT WARNING * * *
You feel as though you will be slow longer.
The kobold hits you but does no damage.
Unknown command.
You barely miss the hornet.
The hornet is almost dead.
You are no longer berserk.
You are exhausted.
You feel as though you will be slow longer.
* * * LOW HITPOINT WARNING * * *
You feel sick. The hornet barely misses you. The hornet stings you!
You die...

.# . .# K.
##.# #..
###..##
#####...
...). ...K...
...
..#####K.....
#.#
#......<.....
#@#
#####...##.##
#....Ky.#
#o###
######..# #o
#... K #....
.o #..... .#
#.#.....
.....#..


You could see a hornet and a kobold.

Vanquished Creatures
  Eustachio (D:5)
  Menkaure (D:6)
  2 ice beasts (D:6)
  An orc warrior (D:6)
  2 black bears (D:6)
  A phantom (D:3)
  3 ogres
  A necrophage (D:5)
  3 centaurs (D:6)
  2 bullfrogs (D:6)
  3 wights (D:6)
  A howler monkey (D:5)
  A centaur zombie (D:5)
  2 orc priests (D:4)
  A jelly (D:6)
  A centaur skeleton (D:5)
  An iguana (D:3)
  5 orc wizards
  4 worker ants
  6 gnolls
  11 adders
  3 shadow imps (D:6)
  An ooze (D:2)
  2 worms (D:5)
  5 dart slugs
  5 leopard geckos
  19 orcs
  4 giant cockroaches
  6 goblins
  5 hobgoblins
  2 jackals
  9 kobolds
  3 quokkas
  2 ball pythons
  12 bats
  2 frilled lizards
  11 rats
144 creatures vanquished.

Notes
Turn   | Place    | Note
-------+----------+-------------------------------------------
     0 | D:1      | Adamkad1 the Ogre Berserker began the quest for the Orb.
     0 | D:1      | Reached XP level 1. HP: 24/24 MP: 1/1
    79 | D:1      | Reached XP level 2. HP: 27/32 MP: 2/2
   639 | D:2      | Found an opulent altar of Gozag.
   671 | D:2      | Reached XP level 3. HP: 23/40 MP: 3/3
   927 | D:2      | Reached ** piety under Trog
  1126 | D:2      | Reached skill level 1 in Throwing
  1126 | D:2      | Reached XP level 4. HP: 39/49 MP: 4/4
  1143 | D:2      | Found a faded altar of an unknown god.
  1768 | D:3      | Reached skill level 5 in Fighting
  2035 | D:3      | Reached XP level 5. HP: 50/57 MP: 5/5
  2130 | D:3      | Found a hazy altar of Hepliaklqana.
  2452 | D:3      | Reached *** piety under Trog
  2512 | D:4      | Noticed a phantom
  2645 | D:3      | Killed a phantom
  2645 | D:3      | Reached XP level 6. HP: 57/66 MP: 6/6
  2804 | D:3      | HP: 3/67 [poisoned by an orc]
  2807 | D:3      | HP: 1/67 [poisoned by an orc]
  3217 | D:4      | Reached skill level 1 in Evocations
  3221 | D:4      | Reached skill level 6 in Fighting
  3497 | D:4      | Reached XP level 7. HP: 75/75 MP: 7/7
  3739 | D:4      | Found a glowing golden altar of the Shining One.
  3739 | D:4      | Found a shadowy altar of Dithmenos.
  3803 | D:5      | Entered Level 5 of the Dungeon
  3879 | D:5      | Noticed Eustachio
  3882 | D:5      | Found a staircase to the Ecumenical Temple.
  3904 | D:5      | Killed Eustachio
  4098 | D:5      | Reached skill level 7 in Fighting
  4098 | D:5      | Reached skill level 5 in Maces & Flails
  4098 | D:5      | Reached XP level 8. HP: 85/85 MP: 9/9
  4163 | D:5      | Found an ancient bone altar of Kikubaaqudgha.
  4354 | D:5      | Reached skill level 5 in Dodging
  4435 | D:5      | Found an iron altar of Okawaru.
  5106 | D:6      | Noticed Menkaure
  5649 | D:6      | Reached skill level 8 in Fighting
  6206 | D:6      | Reached XP level 9. HP: 64/95 MP: 10/10
  6496 | D:6      | Killed Menkaure
  6760 | D:6      | Found a runed door.
  6947 | D:6      | Reached skill level 9 in Fighting
  7512 | D:7      | Noticed a hornet
  7517 | D:7      | Paralysed by a hornet for 3 turns
  7523 | D:7      | HP: 7/144 [hornet (17)]
  7524 | D:7      | HP: 3/96 [poisoned by a hornet]
  7524 | D:7      | Mangled by a hornet

Vault maps used:
D:1:      wheals_arrival_shading
D:2:      chequers_ecumenical_altar_grove, grunt_gozag_breadcrumbs
D:3:      old_standard_altar
D:4:      gammafunk_temple_overflow_elements, first_ration
D:5:      nicolae_overflow_crystal_walls, okawaru_altar_gauntlet_db,
          minmay_temple_entry_wispy, uniq_eustachio
D:6:      uniq_menkaure, uniq_crazy_yiuf_cottage
D:7:      corexii_shantytown, serial_shops, shop, uniq_duvessa

Skill      XL: |  1  2  3  4  5  6  7  8  9 |
---------------+----------------------------+-----
Dodging        | 3 4 5 6 |  6.3
Maces & Flails | 3 4 5 6 |  6.4
Throwing       | 1 2 3 4 |  4.0
Fighting       | 5 6 7 8 9 |  9.1
Evocations     | 1 2 3 |  3.0

Action                   |  1- 3 |  4- 6 |  7- 9 || total
-------------------------+-------+-------+-------++-------
Melee: Mace              |    76 |   126 |       ||   202
       Whip              |       |    48 |    63 ||   111
       Giant club        |       |       |   142 ||   142
       Giant spiked club |       |       |    18 ||    18
Invok: Berserk           |     1 |     8 |    14 ||    23
       Trog's Hand       |       |     4 |     7 ||    11
  Eat: Chunk             |     2 |    11 |    24 ||    37
       Ration            |       |     1 |     1 ||     2
Armor: Animal skin       |    31 |    59 |    69 ||   159
Dodge: Dodged            |    55 |   129 |   175 ||   359

Table legend:
 A = Non-vault XP
 B = Vault XP
 C = Vault XP percentage of total XP
 D = Non-vault monster count
 E = Vault monster count
 F = Vault count percentage of total count
                 A         B        C        D         E       F
            +---------+---------+-------+---------+---------+-------
      Total |    2980 |     414 |  12.2 |     136 |       8 |   5.6
            +---------+---------+-------+---------+---------+-------
        D:1 |      22 |       0 |   0.0 |      13 |       0 |   0.0
        D:2 |     100 |       0 |   0.0 |      26 |       0 |   0.0
        D:3 |     246 |       0 |   0.0 |      30 |       0 |   0.0
        D:4 |     364 |       0 |   0.0 |      22 |       0 |   0.0
        D:5 |     492 |     245 |  33.2 |      17 |       7 |  29.2
        D:6 |    1756 |     169 |   8.8 |      28 |       1 |   3.4
            +---------+---------+-------+---------+---------+-------
